 Dungeon Crawl Stone Soup version 0.22-a0-407-gb098539 (webtiles) character file.

1561 wazuzu the Sneak (level 8, -2/88 HPs)
             Began as a Gnoll Enchanter on May 9, 2018.
             Was an Elder of Cheibriados.
             Slain by a troll (7 damage)
             ... on level 6 of the Dungeon.
             The game lasted 00:16:02 (5602 turns).

wazuzu the Sneak (Gnoll Enchanter)                  Turns: 5602, Time: 00:16:03

Health: -2/88      AC: 24    Str: 21    XL:     8   Next: 89%
Magic:  1/17       EV:  2    Int: 28    God:    Cheibriados [****..]
Gold:   267        SH:  0    Dex: 24    Spells: 14/19 levels left

rFire    + . .     SeeInvis +   F - +1 dagger (elec)
rCold    . . .     Gourm    .   (no shield)
rNeg     + + +     Faith    .   (armour currently unavailable)
rPois    +         Spirit   .   (helmet currently unavailable)
rElec    .         Reflect  .   (cloak currently unavailable)
rCorr    .         Harm     .   (gloves currently unavailable)
MR       .....     NoTele   +   (boots currently unavailable)
Stlth    ++++......             (no amulet)
HPRegen  0.24/turn              r - ring of protection from fire
MPRegen  0.15/turn              i - ring of see invisible

@: tree-form, very slightly contaminated, very slow
A: distributed training, strong nose
a: Bend Time, Temporal Distortion, Slouch, Renounce Religion


You were on level 6 of the Dungeon.
You worshipped Cheibriados.
Cheibriados was greatly pleased with you.
You were hungry.
You were a tree.
You visited 1 branch of the dungeon, and saw 6 of its levels.

You collected 267 gold pieces.

Inventory:

Hand Weapons
 F - a +1 dagger of electrocution (weapon)
Missiles
 e - 315 stones (quivered)
Armour
 g - a +0 cloak (melded)
 n - a +0 ring mail (melded)
 D - a +1 pair of gloves (melded)
Jewellery
 i - a ring of see invisible (right branch)
 r - a ring of protection from fire (left branch)
 E - a +5 ring of intelligence
Wands
 y - a wand of flame (32)
 z - a wand of iceblast (7)
Scrolls
 c - a scroll of identify
 j - 3 scrolls of enchant armour
 o - a scroll of remove curse
 q - a scroll of blinking
 s - 3 scrolls of amnesia
 x - a scroll of enchant weapon
 C - a scroll of teleportation
Potions
 a - a potion of magic {unknown}
 b - a potion of berserk rage {unknown}
 f - 2 potions of brilliance {unknown}
 h - 2 potions of agility
 l - 2 potions of heal wounds
 m - a potion of might {unknown}
 p - 3 potions of flight
 t - a potion of degeneration {unknown}
 u - 2 potions of mutation {unknown}
 v - a potion of haste {unknown}
 A - a potion of cancellation {unknown}
 B - 5 potions of curing
Comestibles
 d - 11 rations


   Skills:
 + Level 3.6 Fighting
 + Level 4.5 Short Blades
 + Level 3.6 Long Blades
 + Level 3.6 Axes
 + Level 3.6 Maces & Flails
 + Level 3.6 Polearms
 + Level 3.6 Staves
 + Level 3.6 Slings
 + Level 3.6 Bows
 + Level 3.6 Crossbows
 + Level 3.6 Throwing
 + Level 3.6 Armour
 + Level 5.9 Dodging
 + Level 7.0 Stealth
 + Level 3.6 Shields
 + Level 3.6 Unarmed Combat
 + Level 6.2 Spellcasting
 + Level 2.9 Conjurations
 + Level 6.2 Hexes
 + Level 2.9 Charms
 + Level 2.9 Summonings
 + Level 2.9 Necromancy
 + Level 2.9 Translocations
 + Level 2.9 Transmutations
 + Level 2.9 Fire Magic
 + Level 2.9 Ice Magic
 + Level 2.9 Air Magic
 + Level 2.9 Earth Magic
 + Level 2.9 Poison Magic
 + Level 4.0 Invocations
 + Level 3.6 Evocations


You had 14 spell levels left.
You knew the following spells:

 Your Spells              Type           Power        Failure   Level  Hunger
a - Confuse               Hex            #####...     1%          3    None
c - Ensorcelled Hibernat  Hex/Ice        ####..       1%          2    None


Dungeon Overview and Level Annotations

Branches:
Dungeon (6/15)             Temple (0/1) D:5

Altars:
Cheibriados
Fedhas
Hepliaklqana
Kikubaaqudgha
Nemelex Xobeh
Qazlal
Uskayaw

Shops:
D:4 ?


Innate Abilities, Weirdness & Mutations

Your experience applies equally to all skills.
((You have very sharp teeth.))
Your uncanny sense of smell can sniff out nearby items.


Message History

You hit the troll but do no damage.
The troll is heavily wounded.
The troll bites you.
* * * LOW HITPOINT WARNING * * *
The troll claws you but does no damage. x2
The ogre gestures wildly.
You completely miss the troll. You punch the troll.
The troll is heavily wounded.
The troll bites you but does no damage. The troll claws you.
* * * LOW HITPOINT WARNING * * *
The troll claws you but does no damage.
You barely miss the troll.
The troll is heavily wounded.
The troll bites you but does no damage.
The troll claws you but does no damage. x2
You hit the troll but do no damage. Lightning courses through the troll!
The troll is severely wounded.
The troll bites you!
* * * LOW HITPOINT WARNING * * *
The troll claws you!
You die...

∆ .. ##.# .....
##########....♣
...O.........♣
∆ #........# #
#....♣T..#
##.##........#
#.........##.#
#####.###.# #
#.....# #.#
#.#.#.#.# #.#
...>...<# ..#
#.#.#.#.# ###
#......


You could see a troll and an ogre (confused).

Vanquished Creatures
  The ghost of Gorglomux the Ruffian, a novice TrMo of Yredelemnul (D:5)
  Grinder (D:4)
  2 centaurs (D:5)
  2 ogres
  Blork the orc (D:4)
  A water moccasin skeleton (D:4)
  A scorpion (D:5)
  A howler monkey (D:4)
  A crimson imp (D:5)
  A jelly (D:5)
  2 orc priests
  An orc wizard (D:4)
  A centaur skeleton (D:4)
  An iguana (D:4)
  3 worker ants
  Robin (D:3)
  4 gnolls (D:5)
  An adder (D:4)
  2 oozes (D:3)
  A worm (D:2)
  7 dart slugs
  6 leopard geckos
  11 orcs
  8 bats
  3 giant cockroaches
  24 goblins
  9 hobgoblins
  6 jackals (D:3)
  8 kobolds
  3 quokkas
  2 frilled lizards
  A rat (D:3)
117 creatures vanquished.

Notes
Turn   | Place    | Note
-------+----------+-------------------------------------------
     0 | D:1      | wazuzu the Gnoll Enchanter began the quest for the Orb.
     0 | D:1      | Reached XP level 1. HP: 13/13 MP: 6/6
   177 | D:1      | Reached XP level 2. HP: 19/19 MP: 7/7
   724 | D:1      | Reached XP level 3. HP: 3/25 MP: 9/9
   999 | D:2      | Found a snail-covered altar of Cheibriados.
  1007 | D:2      | Became a worshipper of Cheibriados the Contemplative
  1037 | D:2      | Reached skill level 5 in Spellcasting
  1169 | D:1      | Reached skill level 6 in Stealth
  1183 | D:1      | Learned a level 3 spell: Confuse
  1547 | D:2      | Reached skill level 1 in Invocations
  1746 | D:2      | Found a stormy altar of Qazlal.
  1823 | D:2      | Reached * piety under Cheibriados
  1830 | D:2      | Reached skill level 1 in Fighting
  1830 | D:2      | Reached skill level 1 in Long Blades
  1830 | D:2      | Reached skill level 1 in Axes
  1830 | D:2      | Reached skill level 1 in Maces & Flails
  1830 | D:2      | Reached skill level 1 in Polearms
  1830 | D:2      | Reached skill level 1 in Staves
  1830 | D:2      | Reached skill level 1 in Slings
  1830 | D:2      | Reached skill level 1 in Bows
  1830 | D:2      | Reached skill level 1 in Crossbows
  1830 | D:2      | Reached skill level 1 in Throwing
  1830 | D:2      | Reached skill level 1 in Armour
  1830 | D:2      | Reached skill level 1 in Shields
  1830 | D:2      | Reached skill level 1 in Unarmed Combat
  1830 | D:2      | Reached skill level 1 in Evocations
  1885 | D:2      | Reached XP level 4. HP: 32/32 MP: 11/11
  2321 | D:3      | Found a sparkling altar of Nemelex Xobeh.
  2391 | D:3      | Found a hazy altar of Hepliaklqana.
  2508 | D:3      | Reached skill level 1 in Conjurations
  2508 | D:3      | Reached skill level 1 in Charms
  2508 | D:3      | Reached skill level 1 in Summonings
  2508 | D:3      | Reached skill level 1 in Necromancy
  2508 | D:3      | Reached skill level 1 in Translocations
  2508 | D:3      | Reached skill level 1 in Transmutations
  2508 | D:3      | Reached skill level 1 in Fire Magic
  2508 | D:3      | Reached skill level 1 in Ice Magic
  2508 | D:3      | Reached skill level 1 in Air Magic
  2508 | D:3      | Reached skill level 1 in Earth Magic
  2508 | D:3      | Reached skill level 1 in Poison Magic
  2519 | D:3      | Reached ** piety under Cheibriados
  2797 | D:3      | Noticed Robin
  2803 | D:3      | Killed Robin
  2803 | D:3      | Reached XP level 5. HP: 34/37 MP: 12/12
  3276 | D:4      | Found Edeth's Magic Scroll Shoppe.
  3521 | D:4      | Reached *** piety under Cheibriados
  3521 | D:4      | Reached XP level 6. HP: 44/44 MP: 13/13
  3765 | D:4      | Reached skill level 5 in Dodging
  3923 | D:4      | Found an ancient bone altar of Kikubaaqudgha.
  3924 | D:4      | Found a blossoming altar of Fedhas.
  4022 | D:4      | Noticed Grinder
  4040 | D:4      | Killed Grinder
  4040 | D:4      | Reached XP level 7. HP: 22/51 MP: 15/15
  4127 | D:4      | Noticed Blork the orc
  4130 | D:4      | Killed Blork the orc
  4138 | D:4      | Learned a level 2 spell: Ensorcelled Hibernation
  4483 | D:5      | Entered Level 5 of the Dungeon
  4514 | D:5      | Found a staircase to the Ecumenical Temple.
  4656 | D:5      | Found a hide-covered altar of Uskayaw.
  4685 | D:5      | Reached XP level 8. HP: 57/57 MP: 9/16
  4687 | D:5      | Noticed Gorglomux's ghost (novice TrMo)
  4765 | D:5      | Killed Gorglomux's ghost
  4765 | D:5      | Reached **** piety under Cheibriados
  4770 | D:5      | Reached skill level 7 in Stealth
  5587 | D:6      | Noticed a troll
  5602 | D:6      | Slain by a troll

Vault maps used:
D:1:      grunt_arrival_lava_bath, st_stairs_12
D:2:      lemuel_crystal_altar, grunt_qazlal_clouds
D:3:      kennysheep_goblin_castle, nicolae_overflow_hidden_temple,
          lemuel_round_altar
D:4:      grunt_temple_overflow_growth_and_decay, serial_shops, kennysheep_mini,
          first_ration, uniq_grinder, uniq_blork_the_orc
D:5:      eat_drink_and_be_merry_uskayaw, minmay_temple_entry_statues_fountains
D:6:      kennysheep_little_box, serial_park_tiny_pond,
          minmay_stone_trees_large, eino_small_chamber_without_monster

Skill      XL: |  1  2  3  4  5  6  7  8 |
---------------+-------------------------+-----
Spellcasting   | 5 6 |  6.2
Stealth        | 6 7 |  7.0
Invocations    | 1 2 3 4 |  4.0
Fighting       | 1 2 3 |  3.6
Long Blades    | 1 2 3 |  3.6
Axes           | 1 2 3 |  3.6
Maces & Flails | 1 2 3 |  3.6
Polearms       | 1 2 3 |  3.6
Staves         | 1 2 3 |  3.6
Slings         | 1 2 3 |  3.6
Bows           | 1 2 3 |  3.6
Crossbows      | 1 2 3 |  3.6
Throwing       | 1 2 3 |  3.6
Armour         | 1 2 3 |  3.6
Shields        | 1 2 3 |  3.6
Unarmed Combat | 1 2 3 |  3.6
Evocations     | 1 2 3 |  3.6
Conjurations   | 1 2 |  2.9
Charms         | 1 2 |  2.9
Summonings     | 1 2 |  2.9
Necromancy     | 1 2 |  2.9
Translocations | 1 2 |  2.9
Transmutations | 1 2 |  2.9
Fire Magic     | 1 2 |  2.9
Ice Magic      | 1 2 |  2.9
Air Magic      | 1 2 |  2.9
Earth Magic    | 1 2 |  2.9
Poison Magic   | 1 2 |  2.9
Short Blades   | 3 4 |  4.5
Dodging        | 5 |  5.9
Hexes          | 6 |  6.2

Action                   |  1- 3 |  4- 6 |  7- 9 || total
-------------------------+-------+-------+-------++-------
Melee: Dagger            |   142 |   270 |    93 ||   505
       Bite              |    15 |    54 |    11 ||    80
       Punch             |       |     4 |     2 ||     6
 Cast: Ensorcelled Hiber |       |       |    13 ||    13
       Confuse           |       |       |     8 ||     8
Evoke: Wand              |       |     4 |       ||     4
  Use: Scroll            |     4 |     4 |    11 ||    19
       Potion            |       |       |     2 ||     2
 Stab: Sleeping          |     8 |     9 |     7 ||    24
       Distracted        |     1 |       |       ||     1
       Confused          |       |       |     2 ||     2
  Eat: Chunk             |     4 |     3 |     2 ||     9
Armor: Robe              |     4 |       |       ||     4
       Ring mail         |    25 |    87 |    16 ||   128
       Skin              |       |       |    27 ||    27
Dodge: Dodged            |    84 |   193 |    51 ||   328

Table legend:
 A = Spawn XP
 B = Non-spawn XP
 C = Spawn XP percentage of total XP
 D = Spawn monster count
 E = Non-spawn monster count
 F = Spawn count percentage of total count
 G = Total turns spent on level
                    A         B        C        D         E        F      G
               +---------+---------+-------+---------+---------+-------+---------
         Total |       0 |    2231 |   0.0 |       0 |     117 |   0.0 |  5602
               +---------+---------+-------+---------+---------+-------+---------
           D:1 |       0 |      47 |   0.0 |       0 |      21 |   0.0 |  1090
           D:2 |       0 |      44 |   0.0 |       0 |      20 |   0.0 |  1033
           D:3 |       0 |      99 |   0.0 |       0 |      38 |   0.0 |  1120
           D:4 |       0 |     851 |   0.0 |       0 |      21 |   0.0 |  1240
           D:5 |       0 |    1187 |   0.0 |       0 |      16 |   0.0 |  1091
           D:6 |       0 |       3 |   0.0 |       0 |       1 |   0.0 |    28
               +---------+---------+-------+---------+---------+-------+---------
